 Dungeon Crawl Stone Soup version 0.30-a0-883-g5ad918d77d (webtiles) character file.

Game seed: 7819446266253704956

32 oldriver the Digger (level 3, -3/28 HPs)
             Began as a Draconian Earth Elementalist on Mar 17, 2023.
             Slain by an orc
             ... wielding a +0 hand axe
              (6 damage)
             ... on level 3 of the Dungeon.
             The game lasted 00:02:08 (1626 turns).

oldriver the Digger (Draconian Earth Elementalist)  Turns: 1626, Time: 00:02:09

Health: -3/28      AC:  5    Str: 10    XL:     3   Next: 8%
Magic:  6/6        EV: 12    Int: 17    God:
Gold:   62         SH:  0    Dex: 11    Spells: 1/7 levels left

rFire   . . .      SeeInvis .    (no weapon)
rCold   . . .      Faith    .    (no shield)
rNeg    . . .      Spirit   .    (body armour unavailable)
rPois   .          Reflect  .    (helmet restricted)
rElec   .          Rampage  .    (no cloak)
rCorr   .                        (no gloves)
Will    .....                    (no boots)
Stlth   ++                       (no amulet)
HPRegen 0.24/turn                (no ring)
MPRegen 0.10/turn                (no ring)

@: brilliant, attractive
A: AC +5, unfitting armour, cold-blooded
a: no special abilities


You were on level 3 of the Dungeon.
You visited 1 branch of the dungeon, and saw 3 of its levels.

You collected 62 gold pieces.

Inventory:

Scrolls
 b - 2 scrolls of identify
 e - a scroll of fog
Potions
 i - a potion of flight


   Skills:
 - Level 1.0 Fighting
 - Level 2.0 Dodging
 - Level 2.0 Stealth
 * Level 2.5 Spellcasting
 - Level 1.0 Transmutations
 * Level 3.4 Earth Magic


You had one spell level left.
You knew the following spells:

 Your Spells              Type           Power      Damage    Failure   Level
a - Sandblast             Erth           40%        2d10      4%          1
b - Passwall              Tmut/Erth      11%        N/A       11%         2
c - Stone Arrow           Conj/Erth      22%        3d8       26%         3

Your spell library contained the following spells:

 Spells                   Type           Power      Damage    Failure   Level
 Slow                     Hex            12%        N/A       19%         1
 Confusing Touch          Hex            3%         N/A       50%         3
 Vampiric Draining        Necr           3%         2d6       50%         3
 Petrify                  Tmut/Erth      14%        N/A       58%         4


Dungeon Overview and Level Annotations

Branches:
Dungeon (3/15)

Altars:


Innate Abilities, Weirdness & Mutations

Your plain brown scales are hard. (AC +5)
You cannot fit into any form of body armour.
You are cold-blooded and may be slowed by cold attacks.


Message History

The orc hits you with a +0 hand axe.
You hit the orc but do no damage.
The orc is heavily wounded.
The orc hits you with a +0 hand axe.
Your magical contamination has completely faded away.
Casting: Sandblast (safe; 4% risk of failure)
Confirm with . or Enter, or press ? or * to list all spells.
Aiming: Sandblast (safe; 4% risk of failure)
Press: ? - help, Shift-Dir - straight line, f/p - orc
Aim: an orc, wielding a +0 hand axe and wearing a +0 ring mail (heavily wounded, 84% to hit)
The blast of sand hits the orc.
The orc is almost dead.
The orc hits you with a +0 hand axe.
* * * LOW HITPOINT WARNING * * *
The orc hits you with a +0 hand axe.
* * * LOW HITPOINT WARNING * * *
You aren't carrying any items that you can evoke.
Unknown command.
It was a potion of attraction.
You feel attractive to monsters. The orc closely misses you.
Unknown command.
It was a potion of brilliance.
You feel clever all of a sudden. The orc hits you with a +0 hand axe.
* * * LOW HITPOINT WARNING * * *
Unknown command.
Okay, then.
As you read the scroll labelled UMOHOM LUTEI, it crumbles to dust.
The scroll dissolves into smoke.
It was a scroll of fog.
The orc barely misses you.
You aren't carrying any items that you can evoke.
Unknown command.
Casting: Sandblast (safe; 4% risk of failure)
Confirm with . or Enter, or press ? or * to list all spells.
You don't have enough magic to cast this spell.
Okay, then.
Okay, then.
Magic courses through your body. The orc hits you with a +0 hand axe.
You die...

#.....# #.....###
#......<######
#.....#...†.<# #######
#.....#.#######.......
#.....#........)......
#.....#####.§§§§§.....
####### #..§§§§.....
##.#@§§.....
#.#o§§.....
#.#§§§.....
#.#.####### #.#.#
#.#.# #.... ###.#


You could see an orc.

Vanquished Creatures
  A bat (D:2)
  2 endoplasms (D:1)
  3 giant cockroaches
  3 goblins
  5 hobgoblins
  3 quokkas
  A ball python (D:1)
  3 frilled lizards
  4 kobolds
  2 rats
27 creatures vanquished.

Notes
Turn   | Place    | Note
-------+----------+-------------------------------------------
     0 | D:1      | oldriver the Draconian Earth Elementalist began the quest
                  | for the Orb.
     0 | D:1      | Reached XP level 1. HP: 14/14 MP: 3/3
   274 | D:1      | Reached XP level 2. HP: 22/22 MP: 1/5
  1247 | D:2      | Reached XP level 3. HP: 27/27 MP: 4/6
  1397 | D:2      | Reached skill level 1 in Fighting
  1400 | D:2      | Learned a level 2 spell: Passwall
  1404 | D:2      | Learned a level 3 spell: Stone Arrow
  1626 | D:3      | Slain by an orc

Illustrated notes

Levels and vault maps discovered:
D:1:      kilobyte_arrival_exit_the_forest, layout_rooms, minmay_misc_feat_tiny,
          serial_bayou_pond_d
D:2:      layout_basic
D:3:      layout_basic, shapermc_ecumenical_altar_notcrosses,
          uniq_crazy_yiuf_cottage

Skill      XL: |  1  2  3 |
---------------+----------+-----
Stealth        | 2 |  2.0
Dodging        | 2 |  2.0
Fighting       | 1 |  1.0
Spellcasting   | |  2.5
Transmutations | |  1.0
Earth Magic    | |  3.4

Action                     || total
---------------------------++-------
  Melee: Unarmed           ||    10
         Tailslap          ||     2
   Cast: Sandblast         ||    47
    Use: Scroll            ||     7
         Potion            ||     3
   Stab: Sleeping          ||     1
 Armour: Skin              ||    11
  Dodge: Dodged            ||    22

Table legend: (Time is in decaauts)
 A = Elapsed time spent in this place.
 B = Non-inter-level travel time spent in this place.
 C = Inter-level travel time spent in this place.
 D = Time resting spent in this place.
 E = Time spent auto-exploring this place.
 F = Levels seen in this place.
 G = Mean time per level.
                   A        B        C        D        E       F      G
               +--------+--------+--------+--------+--------+-----+--------+
         Total |   1659 |   1597 |     62 |      0 |   1383 |   3 |  553.0 |
       Dungeon |   1659 |   1597 |     62 |      0 |   1383 |   3 |  553.0 |
               +--------+--------+--------+--------+--------+-----+--------+

Top non-repeatable levels by time:
     D:1: 869 daAuts
     D:2: 712 daAuts
     D:3: 77 daAuts
